 Dungeon Crawl Stone Soup version 0.31-a0-879-g1609e0ac53 (webtiles) character file.

Game seed: 5029919046437373209

38 Aneyh the Trooper (level 3, -4/24 HPs)
             Began as a Tengu Monk on Oct 15, 2023.
             Succumbed to Sigmund's poison
             ... on level 2 of the Dungeon.
             The game lasted 00:01:07 (730 turns).

Aneyh the Trooper (Tengu Monk)                       Turns: 730, Time: 00:01:08

Health: -4/24      AC:  2    Str: 13    XL:     3   Next: 43%
Magic:  4/4        EV: 13    Int: 10    God:
Gold:   42         SH:  0    Dex: 16    Spells: 2/2 levels left

rFire   . . .        b - +2 dagger (flame)
rCold   . . .        (no shield)
rNeg    . . .        e - +0 robe
rPois   .            (helmet restricted)
rElec   .            (no cloak)
rCorr   .            (no gloves)
SInv    .            (boots unavailable)
Will    .....        (no amulet)
Stlth   +            (no ring)
HPRegen 0.24/turn    (no ring)
MPRegen 0.09/turn

%: acrobat
@: confused, lethally poisoned (-4 -> -29)
A: beak, talons 3, acrobatic, mutation resistance 1
a: no special abilities


You were on level 2 of the Dungeon.
You visited 1 branch of the dungeon, and saw 2 of its levels.

You collected 42 gold pieces.

Inventory:

Hand Weapons
 a - a +0 spear
 b - a +2 dagger of flaming (weapon)
Armour
 d - an orb of light
 e - a +0 robe (worn)
Scrolls
 g - a scroll of fear {unknown}
Potions
 h - a potion of heal wounds {unknown}
 i - a potion of curing {unknown}
 j - a potion of lignification {unknown}


   Skills:
 * Level 4.0 Fighting
 + Level 3.8 Polearms
 - Level 3.2 Dodging


You had 2 spell levels left.
You didn't know any spells.
Your spell library contained the following spells:

 Spells                   Type           Power      Damage    Failure   Level
 Ozocubu's Armour         Ice            0%         N/A       75%         3
 Ozocubu's Refrigeration  Ice            0%         4d7       100%        7


Dungeon Overview and Level Annotations

Branches:
Dungeon (2/15)

Altars:

Annotations:
D:2 Sigmund


Innate Abilities, Weirdness & Mutations

You have a beak for a mouth.
You have claws for feet.
You can magically evade attacks while moving or waiting.
You are somewhat resistant to further mutation.


Message History

The magic dart hits you!
You bump into the rock wall.
You feel sick.
Sigmund hits you from afar with a +1 scythe of venom.
You are lethally poisoned!
You feel very sick. Sigmund gestures at you while chanting.
You are more confused.
You feel very sick.
You feel sick. Sigmund completely misses you.
You're too confused to move!
You feel sick.
You feel sick.
You feel less invigorated.
You feel sick. Sigmund casts a spell at you. The puff of flame hits you.
You feel sick.
You feel sick.
You're too confused to move!
You feel sick. Sigmund misses you.
You feel sick.
You are no longer poisoned.
You're too confused to move!
Sigmund says, "You will soon forget everything."
Sigmund misses you.
You bump into the rock wall.
Sigmund gestures at you while chanting.
You are more confused.
Sigmund points at you and mumbles some strange words.
You are more confused.
A giant cockroach comes into view.
Sigmund attacks as he pursues you! Sigmund completely misses you.
You're too confused to move!
Sigmund hits you from afar with a +1 scythe of venom.
You are lethally poisoned!
You're too confused to move!
You feel very sick.
Sigmund hits you from afar with a +1 scythe of venom!
* * * LOW HITPOINT WARNING * * *
You are more poisoned.
It was a potion of mutation.
You feel extremely strange.
You feel genetically stable.
You die...

...............##. .[
####.####..##..##...###
#).......†.....#...#
#####...######...#.#
##.....## #.##.#
#.......# #.#..#
#..@...†#####....##
#...........<....)##.
##..@................
##...######......###
....B## ##....## ####.#
#.#..# #.# #.##.# #.#
#.##.# #.# #.##.# #.#
..# .#


You could see Sigmund and a giant cockroach.

Vanquished Creatures
  An adder (D:2)
  2 dart slugs (D:1)
  An endoplasm (D:1)
  2 goblins (D:1)
  2 hobgoblins
  A quokka (D:1)
  7 ball pythons (D:1)
  3 bats (D:1)
  3 frilled lizards (D:1)
  3 kobolds
  3 rats (D:1)
28 creatures vanquished.

Notes
Turn   | Place    | Note
-------+----------+-------------------------------------------
     0 | D:1      | Aneyh the Tengu Monk began the quest for the Orb.
     0 | D:1      | Reached XP level 1. HP: 14/14 MP: 2/2
   102 | D:1      | Reached XP level 2. HP: 19/19 MP: 3/3
   434 | D:1      | Reached XP level 3. HP: 24/24 MP: 4/4
   672 | D:2      | Reached skill level 4 in Fighting
   700 | D:2      | Noticed Sigmund
   729 | D:2      | HP: 1/24 [Sigmund/+1 scythe of venom (7)]
   730 | D:2      | Gained mutation: You are somewhat resistant to further
                  | mutation. [potion of mutation]
   730 | D:2      | Succumbed to Sigmund's poison

Illustrated notes

Levels and vault maps discovered:
D:1:      minmay_arrival_shattered_statue, layout_basic, serial_curves,
          eino_curves_01, eino_curves_04, eino_curves_04, interstate_on_off,
          minmay_crystal_water
D:2:      layout_loops_ring, uniq_sigmund

Skill      XL: |  1  2  3 |
---------------+----------+-----
Fighting       | 4 |  4.0
Polearms       | |  3.8
Dodging        | |  3.2

Action                     || total
---------------------------++-------
  Melee: Spear             ||    20
         Kick              ||     7
         Dagger            ||    35
         Peck              ||     5
    Use: Potion            ||     2
   Stab: Sleeping          ||     6
 Armour: Robe              ||    19
  Dodge: Dodged            ||    36

Table legend: (Time is in decaauts)
 A = Elapsed time spent in this place.
 B = Non-inter-level travel time spent in this place.
 C = Inter-level travel time spent in this place.
 D = Time resting spent in this place.
 E = Time spent auto-exploring this place.
 F = Levels seen in this place.
 G = Mean time per level.
                   A        B        C        D        E       F      G
               +--------+--------+--------+--------+--------+-----+--------+
         Total |    728 |    717 |     11 |      0 |    532 |   2 |  364.0 |
       Dungeon |    728 |    717 |     11 |      0 |    532 |   2 |  364.0 |
               +--------+--------+--------+--------+--------+-----+--------+

Top non-repeatable levels by time:
     D:1: 654 daAuts
     D:2: 73 daAuts
